[Event "Groningen Festival 2018"]
[Site "Groningen"]
[Date "2018.12.27"]
[Round "6"]
[White "Grooten, Herman"]
[Black "Hovsepyan, Vardan"]
[Result "1-0"]
[ECO "A90"]
[WhiteElo "2374"]
[BlackElo "2264"]
[Annotator "NA"]
[PlyCount "131"]
[EventDate "2018.12.22"]
[EventType "swiss"]
[EventCountry "NED"]
[SourceTitle "playchess.com"]
[Source "ChessBase"]
[SourceQuality "1"]
[TimeControl "40/5400+30:1800+30"]

1. d4 e6 2. c4 f5 3. g3 Nf6 4. Bg2 Bb4+ 5. Bd2 Bxd2+ 6. Qxd2 d6 7. Nc3 O-O 8. e3 Nbd7 9. Nge2 e5 10. O-O a5 11. Nb5 Ne8 12. c5 Ra6 13. Rac1 e4 14. cxd6 c6 15. Nc7 Nxc7 16. dxc7 Qxc7 17. Nf4 Nf6 18. h4 Qf7 19. Rc5 Qxa2 20. Rfc1 Rb6 21. R5c2 Qa4 22. Bf1 Qb4 23. Ra1 a4 24. Qd1 Bd7 25. Rc4 Qxb2 26. Rcxa4 g6 27. Bc4+ Kh8 28. Ba2 Ng4 29. Ne2 c5 30. Ra7 Ra6 31. Rxa6 bxa6 32. dxc5 Bb5 33. Qd4+ Qxd4 34. Nxd4 Rc8 35. Rc1 Ne5 36. Be6 Re8 37. Nxb5 Rxe6 38. Nd4 Re8 39. c6 Rc8 40. Rc5 Nd3 41. Rd5 Nb4 42. Rd6 Kg8 43. h5 Kf7 44. h6 Rc7 45. g4 fxg4 46. Kg2 a5 47. Kg3 a4 48. Nb5 Rxc6 49. Rd7+ Kf6 50. Rxh7 Kg5 51. Rh8 Rf6 52. Nc3 Rf3+ 53. Kg2 Rf7 54. Nxe4+ Kh4 55. Rb8 Nd3 56. Rb1 Nxf2 57. Nxf2 Kg5 58. Rb5+ Kxh6 59. Nxg4+ Kg7 60. Ra5 Rb7 61. Rxa4 Kf7 62. Ra6 Rb5 63. Kf3 Rf5+ 64. Ke4 Rg5 65. Ne5+ Kg7 66. Rxg6+ 1-0

[Event "Groningen Festival 2018"]
[Site "Groningen"]
[Date "2018.12.27"]
[Round "6"]
[White "Maatman, Nick"]
[Black "Plat, Vojtech"]
[Result "1/2-1/2"]
[ECO "D85"]
[WhiteElo "2363"]
[BlackElo "2550"]
[Annotator "ChessBase"]
[PlyCount "91"]
[EventDate "2018.12.22"]
[EventType "swiss"]
[EventCountry "NED"]
[SourceTitle "playchess.com"]
[Source "ChessBase"]
[SourceQuality "1"]
[TimeControl "40/5400+30:1800+30"]

1. d4 Nf6 2. c4 g6 3. Nc3 d5 4. cxd5 Nxd5 5. e4 Nxc3 6. bxc3 Bg7 7. Nf3 c5 8. Be3 Nc6 9. Rc1 cxd4 10. cxd4 O-O 11. d5 Ne5 12. Nxe5 Bxe5 13. f4 Bc7 14. Bc4 Bb6 15. Qe2 Bd7 16. O-O Rc8 17. Kh1 Bxe3 18. Qxe3 Rxc4 19. Rxc4 Bb5 20. Qb3 Qd7 21. Rfc1 Bxc4 22. Qxc4 e6 23. dxe6 fxe6 24. g3 Rd8 25. Kg2 b5 26. Qc7 Qxc7 27. Rxc7 Rd2+ 28. Kf3 Rxa2 29. Kg4 h6 30. Rb7 a6 31. h4 Ra3 32. h5 gxh5+ 33. Kh4 Kf8 34. f5 exf5 35. exf5 Rf3 36. Kxh5 Rxf5+ 37. Kxh6 Rf6+ 38. Kg5 Rc6 39. g4 Rc4 40. Kf6 Rf4+ 41. Kg5 Rf7 42. Rb8+ Kg7 43. Ra8 b4 44. Rxa6 Rb7 45. Ra1 b3 46. Rb1 1/2-1/2

[Event "Groningen Festival 2018"]
[Site "Groningen"]
[Date "2018.12.27"]
[Round "6"]
[White "Cerveny, Martin"]
[Black "Wedda, Dries"]
[Result "1-0"]
[ECO "A50"]
[WhiteElo "2347"]
[BlackElo "2208"]
[Annotator "NA"]
[PlyCount "125"]
[EventDate "2018.12.22"]
[EventType "swiss"]
[EventCountry "NED"]
[SourceTitle "playchess.com"]
[Source "ChessBase"]
[SourceQuality "1"]
[TimeControl "40/5400+30:1800+30"]

1. d4 Nf6 2. Nf3 b6 3. g3 Bb7 4. Bg2 g6 5. O-O Bg7 6. c4 O-O 7. Nc3 Ne4 8. Bd2 d6 9. Nxe4 Bxe4 10. Bc3 Nd7 11. Qd2 e6 12. Rfe1 Qe7 13. Bh3 f5 14. Rad1 a5 15. Qe3 Rae8 16. b3 Qd8 17. Qc1 Qa8 18. Bg2 Re7 19. Nh4 Bxg2 20. Nxg2 Rfe8 21. Qb2 Nf6 22. f3 Bh6 23. a3 Nd7 24. b4 axb4 25. axb4 e5 26. d5 b5 27. c5 dxc5 28. bxc5 Nxc5 29. Qxb5 Nb7 30. Ra1 Nd6 31. Qc5 Qd8 32. Ra7 Rd7 33. Ba5 Nc8 34. Rxc7 Bf8 35. Qc6 Rxc7 36. Bxc7 Qe7 37. d6 Nxd6 38. Bxd6 Qe6 39. e4 Rc8 40. exf5 Rxc6 41. fxe6 Bxd6 42. f4 Bc5+ 43. Kf1 Rxe6 44. Nh4 Bd6 45. Nf3 Rf6 46. Nxe5 g5 47. Ng4 Rf8 48. Re6 gxf4 49. Nh6+ Kg7 50. g4 Bc5 51. Rc6 Be3 52. h4 Rb8 53. Ke2 Rb3 54. Nf5+ Kg8 55. h5 Bg1 56. Rf6 f3+ 57. Kd2 f2 58. Ne7+ Kg7 59. g5 f1=N+ 60. Rxf1 h6 61. g6 Rb2+ 62. Kc3 Rf2 63. Rxg1 1-0

[Event "Groningen Festival 2018"]
[Site "Groningen"]
[Date "2018.12.27"]
[Round "6"]
[White "Ashwath, R.."]
[Black "Gleizerov, Evgeny"]
[Result "1/2-1/2"]
[ECO "A80"]
[WhiteElo "2314"]
[BlackElo "2504"]
[Annotator "ChessBase"]
[PlyCount "39"]
[EventDate "2018.12.22"]
[EventType "swiss"]
[EventCountry "NED"]
[SourceTitle "playchess.com"]
[Source "ChessBase"]
[SourceQuality "1"]
[TimeControl "40/5400+30:1800+30"]

1. d4 e6 2. Nf3 f5 3. h3 Nf6 4. g4 b6 5. Qd3 Ba6 6. c4 Bb4+ 7. Bd2 Qe7 8. a3 Bxd2+ 9. Nbxd2 Nc6 10. gxf5 e5 11. dxe5 Nxe5 12. Qc3 Nxf3+ 13. Qxf3 O-O 14. O-O-O b5 15. cxb5 Qc5+ 16. Qc3 Qxc3+ 17. bxc3 Bxb5 18. e4 Bxf1 19. Rhxf1 d5 20. f3 1/2-1/2

[Event "Groningen Festival 2018"]
[Site "Groningen"]
[Date "2018.12.27"]
[Round "6"]
[White "Pel, Bonno"]
[Black "Kollen, Zyon"]
[Result "0-1"]
[ECO "A00"]
[WhiteElo "2279"]
[BlackElo "2363"]
[Annotator "NA"]
[PlyCount "68"]
[EventDate "2018.12.22"]
[EventType "swiss"]
[EventCountry "NED"]
[SourceTitle "playchess.com"]
[Source "ChessBase"]
[SourceQuality "1"]
[TimeControl "40/5400+30:1800+30"]

1. g3 Nf6 2. Bg2 d5 3. d3 e5 4. Nf3 Bd6 5. O-O O-O 6. c4 d4 7. c5 Bxc5 8. Nxe5 c6 9. Qc2 Qe7 10. Nf3 Na6 11. a3 Bf5 12. b4 Bb6 13. Bb2 Rad8 14. Re1 Nc7 15. Nbd2 Ne6 16. Nc4 Bc7 17. Nh4 Bg6 18. e4 dxe3 19. Nxe3 Qd7 20. Bxf6 gxf6 21. Be4 Nd4 22. Qd1 Rfe8 23. Nc2 f5 24. Bg2 Rxe1+ 25. Nxe1 Bb6 26. Bh3 Re8 27. Neg2 Ne2+ 28. Kh1 Bxf2 29. Qf1 Bxg3 30. Nxf5 Bxf5 31. Bxf5 Qd6 32. Ra2 Qh6 33. h3 Nd4 34. Bg4 f5 0-1

[Event "Groningen Festival 2018"]
[Site "Groningen"]
[Date "2018.12.27"]
[Round "6"]
[White "Schippers, Maurice"]
[Black "Beerdsen, Thomas"]
[Result "1/2-1/2"]
[ECO "C47"]
[WhiteElo "2270"]
[BlackElo "2477"]
[Annotator "ChessBase"]
[PlyCount "26"]
[EventDate "2018.12.22"]
[EventType "swiss"]
[EventCountry "NED"]
[SourceTitle "playchess.com"]
[Source "ChessBase"]
[SourceQuality "1"]
[TimeControl "40/5400+30:1800+30"]

1. e4 e5 2. Nf3 Nc6 3. Nc3 Nf6 4. d4 exd4 5. Nxd4 Bb4 6. Nxc6 bxc6 7. Bd3 O-O 8. O-O Re8 9. Qf3 h6 10. Qg3 Bxc3 11. bxc3 Nxe4 12. Bxe4 Rxe4 13. Bxh6 Qf6 1/2-1/2

[Event "Groningen Festival 2018"]
[Site "Groningen"]
[Date "2018.12.27"]
[Round "6"]
[White "Baum, Bernd"]
[Black "Warmerdam, Max"]
[Result "1/2-1/2"]
[ECO "E73"]
[WhiteElo "2252"]
[BlackElo "2433"]
[Annotator "NA"]
[PlyCount "28"]
[EventDate "2018.12.22"]
[EventType "swiss"]
[EventCountry "NED"]
[SourceTitle "playchess.com"]
[Source "ChessBase"]
[SourceQuality "1"]
[TimeControl "40/5400+30:1800+30"]

1. Nf3 c5 2. c4 g6 3. d4 Bg7 4. e4 d6 5. dxc5 Qa5+ 6. Bd2 Qxc5 7. Nc3 Nf6 8. Be2 O-O 9. O-O Nc6 10. h3 Qb6 11. Rb1 Bd7 12. Bg5 Qa5 13. Qd2 Rfc8 14. Rfd1 Be6 1/2-1/2

[Event "Groningen Festival 2018"]
[Site "Groningen"]
[Date "2018.12.27"]
[Round "6"]
[White "Van Meegen, Ruud"]
[Black "Maris, Ivo"]
[Result "0-1"]
[ECO "A06"]
[WhiteElo "2230"]
[BlackElo "2351"]
[Annotator "NA"]
[PlyCount "72"]
[EventDate "2018.12.22"]
[EventType "swiss"]
[EventCountry "NED"]
[SourceTitle "playchess.com"]
[Source "ChessBase"]
[SourceQuality "1"]
[TimeControl "40/5400+30:1800+30"]

1. Nf3 d5 2. e3 c5 3. b3 Nf6 4. Bb2 g6 5. c4 dxc4 6. Bxc4 Bg7 7. h4 O-O 8. h5 Nxh5 9. Bxg7 Kxg7 10. Ne5 Qd6 11. Rxh5 gxh5 12. Qxh5 Qf6 13. Nc3 Nc6 14. Nxc6 Qxc6 15. Qg5+ Qg6 16. Qxe7 Be6 17. Bxe6 Qxe6 18. Qxb7 Rfd8 19. Qe4 Qd6 20. Rd1 a5 21. Ke2 Rab8 22. d3 Qf6 23. Nd5 Qg5 24. Nf4 Re8 25. Qf3 a4 26. Nh5+ Kh8 27. Nf6 Re6 28. Ne4 Qe7 29. Qf5 axb3 30. Ng5 Rg6 31. Nxf7+ Kg7 32. Ne5 Rg5 33. Nc6 Rxf5 34. Nxe7 Rf7 35. Nc6 Rb6 36. Ne5 bxa2 0-1

[Event "Groningen Festival 2018"]
[Site "Groningen"]
[Date "2018.12.27"]
[Round "6"]
[White "Elgersma, Simon"]
[Black "De Boer, Eelke"]
[Result "0-1"]
[ECO "B51"]
[WhiteElo "2200"]
[BlackElo "2327"]
[Annotator "NA"]
[PlyCount "98"]
[EventDate "2018.12.22"]
[EventType "swiss"]
[EventCountry "NED"]
[SourceTitle "playchess.com"]
[Source "ChessBase"]
[SourceQuality "1"]
[TimeControl "40/5400+30:1800+30"]

1. e4 c5 2. Nf3 d6 3. Bb5+ Nd7 4. O-O a6 5. Bd3 Ngf6 6. Re1 e5 7. c3 b5 8. Bc2 Be7 9. d4 O-O 10. a4 Bb7 11. axb5 axb5 12. Rxa8 Qxa8 13. d5 c4 14. Nbd2 Qa5 15. Nf1 b4 16. cxb4 Qxb4 17. Ne3 Rc8 18. Qe2 Ba6 19. Bd2 Qb5 20. Nf5 Bf8 21. Bc3 Nc5 22. N3h4 Nd3 23. Rf1 Qc5 24. Qf3 Kh8 25. Ra1 Bb5 26. Nh6 Be8 27. N6f5 Nxe4 28. Bxd3 Nxc3 29. Bc2 Nxd5 30. Nh6 Nb4 31. Nxf7+ Bxf7 32. Bxh7 Kxh7 33. Qxf7 e4 34. Qg6+ Kh8 35. Qe6 Nd3 36. Ng6+ Kh7 37. Qxe4 Qxf2+ 38. Kh1 Kh6 39. Qe6 Qf6 40. Qxc8 Kxg6 41. Qxc4 Qf5 42. Qg8 Nf2+ 43. Kg1 Ne4 44. h3 d5 45. Ra6+ Bd6 46. Qe8+ Kh7 47. Ra1 Bc5+ 48. Kh1 Ng3+ 49. Kh2 Qf4 0-1

[Event "Groningen Festival 2018"]
[Site "Groningen"]
[Date "2018.12.28"]
[Round "7"]
[White "Krasenkow, Michal"]
[Black "Grooten, Herman"]
[Result "1-0"]
[ECO "D37"]
[WhiteElo "2630"]
[BlackElo "2374"]
[Annotator "ChessBase"]
[PlyCount "73"]
[EventDate "2018.12.22"]
[EventType "swiss"]
[EventCountry "NED"]
[SourceTitle "playchess.com"]
[Source "ChessBase"]
[SourceQuality "1"]
[TimeControl "40/5400+30:1800+30"]

1. Nf3 d5 2. d4 Nf6 3. c4 e6 4. Nc3 Be7 5. Bf4 O-O 6. a3 a6 7. c5 b6 8. b4 Ne4 9. Qc2 f5 10. e3 bxc5 11. bxc5 g5 12. Bg3 Nd7 13. Nxe4 fxe4 14. Nd2 Bf6 15. c6 Nb6 16. f3 Qe7 17. Qc3 h5 18. h3 h4 19. Bh2 a5 20. Bb5 a4 21. O-O exf3 22. Rxf3 Bg7 23. Rxf8+ Bxf8 24. Qd3 Ra5 25. Rf1 Rxb5 26. Qxb5 Qxa3 27. Bxc7 Qxe3+ 28. Kh1 Qxd2 29. Qxb6 e5 30. Bxe5 Qe2 31. Rxf8+ Kxf8 32. Qd8+ Kf7 33. Qc7+ Kg6 34. Qg7+ Kf5 35. Qh7+ Ke6 36. Qg6+ Ke7 37. Bd6+ 1-0

[Event "Groningen Festival 2018"]
[Site "Groningen"]
[Date "2018.12.28"]
[Round "7"]
[White "Gleizerov, Evgeny"]
[Black "De Jong, Migchiel"]
[Result "0-1"]
[ECO "C01"]
[WhiteElo "2504"]
[BlackElo "2323"]
[Annotator "ChessBase"]
[PlyCount "104"]
[EventDate "2018.12.22"]
[EventType "swiss"]
[EventCountry "NED"]
[SourceTitle "playchess.com"]
[Source "ChessBase"]
[SourceQuality "1"]
[TimeControl "40/5400+30:1800+30"]

1. d4 e6 2. e4 d5 3. exd5 exd5 4. c4 Nf6 5. Nc3 Bb4 6. Bd3 O-O 7. Nge2 dxc4 8. Bxc4 Nbd7 9. O-O Nb6 10. Bb3 c6 11. Bg5 Be7 12. Re1 Nfd5 13. Bxe7 Nxe7 14. Nf4 Bf5 15. Re5 Nd7 16. Re3 Nf6 17. Qe2 Ng6 18. Nxg6 Bxg6 19. Rd1 Bh5 20. f3 Re8 21. g4 Bg6 22. h4 Qd6 23. Re5 h6 24. f4 Kf8 25. f5 Bh7 26. Kg2 h5 27. g5 Ng4 28. Re1 Rxe5 29. dxe5 Qd4 30. e6 fxe6 31. fxe6 Ke7 32. Qf3 Bg6 33. Qg3 Rd8 34. Re2 Rd6 35. Qf3 Ne5 36. Qg3 Nd3 37. Re3 Bf5 38. Ne2 Qxb2 39. Bc4 Nc5 40. Re5 Be4+ 41. Rxe4 Nxe4 42. Qf4 Nf6 43. gxf6+ Qxf6 44. Qe4 b5 45. Bb3 a5 46. a4 bxa4 47. Bc4 Rxe6 48. Bxe6 Qxe6 49. Qc2 Qd5+ 50. Kf2 a3 51. Nc1 Qd4+ 52. Ke2 Qb2 0-1

[Event "Groningen Festival 2018"]
[Site "Groningen"]
[Date "2018.12.28"]
[Round "7"]
[White "Ladva, Ottomar"]
[Black "Schoppen, Casper"]
[Result "1/2-1/2"]
[ECO "A13"]
[WhiteElo "2497"]
[BlackElo "2431"]
[Annotator "ChessBase"]
[PlyCount "112"]
[EventDate "2018.12.22"]
[EventType "swiss"]
[EventCountry "NED"]
[SourceTitle "playchess.com"]
[Source "ChessBase"]
[SourceQuality "1"]
[TimeControl "40/5400+30:1800+30"]

1. Nf3 Nf6 2. c4 e6 3. b3 d5 4. Bb2 c5 5. cxd5 exd5 6. e3 Nc6 7. Bb5 Bd6 8. O-O O-O 9. d4 cxd4 10. Nxd4 Ne5 11. Nc3 a6 12. Be2 Re8 13. Qc2 Bd7 14. Nf5 Bf8 15. Rad1 Rc8 16. Qb1 Qa5 17. Rc1 Bb4 18. Na4 Ne4 19. Rxc8 Bxc8 20. Qa1 f6 21. Ng3 b5 22. a3 Bf8 23. b4 Qd8 24. Bxe5 Rxe5 25. Nc3 Nd6 26. Rd1 Be6 27. Nh5 Bf7 28. Nf4 Nc4 29. Bf3 Qb6 30. Ncxd5 Qa7 31. h4 a5 32. Qd4 Qxd4 33. exd4 Re8 34. bxa5 Nxa5 35. Rb1 Rb8 36. Nc3 Bd6 37. Nfe2 Bc4 38. a4 bxa4 39. Rxb8+ Bxb8 40. Nxa4 Nb3 41. Nac3 Ba7 42. d5 Nd4 43. Nxd4 Bxd4 44. Nb1 Kf7 45. Nd2 Ba2 46. Kf1 f5 47. g3 Ke7 48. Bg2 Kd6 49. Ke2 Bxd5 50. Bxd5 Kxd5 51. Nf3 Bb6 52. h5 Ba7 53. Ng5 h6 54. Nh3 Ke5 55. Nf4 Kf6 56. Nh3 Ke5 1/2-1/2

[Event "Groningen Festival 2018"]
[Site "Groningen"]
[Date "2018.12.28"]
[Round "7"]
[White "Beerdsen, Thomas"]
[Black "Ashwath, R.."]
[Result "1/2-1/2"]
[ECO "C44"]
[WhiteElo "2477"]
[BlackElo "2314"]
[Annotator "ChessBase"]
[PlyCount "34"]
[EventDate "2018.12.22"]
[EventType "swiss"]
[EventCountry "NED"]
[SourceTitle "playchess.com"]
[Source "ChessBase"]
[SourceQuality "1"]
[TimeControl "40/5400+30:1800+30"]

1. e4 e5 2. Nf3 Nc6 3. c3 d5 4. Qa4 f6 5. d3 Nge7 6. Nbd2 Be6 7. Be2 Ng6 8. Nb3 Bd7 9. Na5 Nd4 10. Qd1 Nxe2 11. Qxe2 c5 12. Nb3 d4 13. O-O Bd6 14. Bd2 O-O 15. cxd4 exd4 16. Na5 b6 17. Nc4 Be6 1/2-1/2

[Event "Groningen Festival 2018"]
[Site "Groningen"]
[Date "2018.12.28"]
[Round "7"]
[White "Vrolijk, Liam"]
[Black "Ulybin, Mikhail"]
[Result "1-0"]
[ECO "A90"]
[WhiteElo "2440"]
[BlackElo "2482"]
[Annotator "ChessBase"]
[PlyCount "125"]
[EventDate "2018.12.22"]
[EventType "swiss"]
[EventCountry "NED"]
[SourceTitle "playchess.com"]
[Source "ChessBase"]
[SourceQuality "1"]
[TimeControl "40/5400+30:1800+30"]

1. d4 e6 2. c4 f5 3. g3 Nf6 4. Bg2 d5 5. Nh3 c6 6. O-O Bd6 7. Nd2 h6 8. b3 g5 9. Bb2 g4 10. Nf4 Bxf4 11. gxf4 h5 12. e3 Nbd7 13. Ba3 Nf8 14. Bxf8 Kxf8 15. b4 Bd7 16. Qb3 b5 17. c5 Be8 18. a4 a6 19. Ra3 Rh7 20. Rfa1 Rha7 21. Qc2 Qc7 22. Nb3 Kg7 23. Nc1 Kf8 24. Nd3 Kg7 25. Bf1 Ne4 26. Ne5 Nf6 27. Qa2 Qb7 28. Kh1 Kf8 29. Bd3 Qb8 30. f3 gxf3 31. Nxf3 Ng4 32. Ng5 Qc8 33. Qe2 Nf6 34. Qg2 Rg7 35. Rg1 Rg6 36. axb5 cxb5 37. h3 Ra7 38. Qa2 Ne4 39. Bxe4 fxe4 40. Kh2 Bc6 41. Ra1 Bb7 42. Qe2 Rh6 43. Ra5 Ra8 44. Rg1 Rh8 45. Qf2 Qd7 46. Qg3 Rg8 47. f5 exf5 48. Qe5 Qe7 49. Qxf5+ Ke8 50. Raa1 Rf8 51. Qg6+ Kd7 52. Raf1 Rxf1 53. Rxf1 Rf8 54. Nf7 Kc8 55. Qg3 Bc6 56. Qf4 Rg8 57. Qh6 Qc7+ 58. Nd6+ Kb8 59. Rf7 Qd8 60. Nf5 Be8 61. Rf6 Qc7+ 62. Kh1 Bc6 63. Rxc6 1-0

[Event "Groningen Festival 2018"]
[Site "Groningen"]
[Date "2018.12.28"]
[Round "7"]
[White "Kislinsky, Alexey"]
[Black "Maatman, Nick"]
[Result "0-1"]
[ECO "C11"]
[WhiteElo "2425"]
[BlackElo "2363"]
[Annotator "NA"]
[PlyCount "82"]
[EventDate "2018.12.22"]
[EventType "swiss"]
[EventCountry "NED"]
[SourceTitle "playchess.com"]
[Source "ChessBase"]
[SourceQuality "1"]
[TimeControl "40/5400+30:1800+30"]

1. e4 e6 2. Nf3 d5 3. Nc3 Nf6 4. e5 Nfd7 5. d4 c5 6. dxc5 Nc6 7. Bf4 Be7 8. h4 a6 9. a3 Qc7 10. g3 Nxc5 11. Bg2 b5 12. O-O Bb7 13. b4 Ne4 14. Nxe4 dxe4 15. Nd2 Rd8 16. Qg4 O-O 17. Nxe4 Nxe5 18. Qh5 Bxe4 19. Bxe4 f5 20. Bg2 Bd6 21. Qe2 Rfe8 22. Rfe1 Nc4 23. Bg5 Rc8 24. c3 h6 25. Bc1 Kh8 26. Ra2 Qf7 27. Rc2 e5 28. g4 e4 29. gxf5 Qxf5 30. Bxe4 Qh3 31. f3 Qxh4 32. Rf1 Bc7 33. Qg2 Bb6+ 34. Rcf2 Rcd8 35. Qh2 Rxe4 36. fxe4 Qxe4 37. Bf4 Rd5 38. Qg2 Bxf2+ 39. Qxf2 Rd3 40. Kh2 Rxc3 41. Qh4 Ne5 0-1

[Event "Groningen Festival 2018"]
[Site "Groningen"]
[Date "2018.12.28"]
[Round "7"]
[White "Lahaye, Rick"]
[Black "Kabos, Tobias"]
[Result "1/2-1/2"]
[ECO "A16"]
[WhiteElo "2404"]
[BlackElo "2299"]
[Annotator "NA"]
[PlyCount "107"]
[EventDate "2018.12.22"]
[EventType "swiss"]
[EventCountry "NED"]
[SourceTitle "playchess.com"]
[Source "ChessBase"]
[SourceQuality "1"]
[TimeControl "40/5400+30:1800+30"]

1. c4 Nf6 2. e3 g6 3. Nc3 Bg7 4. g4 d6 5. g5 Nfd7 6. Bg2 Nc6 7. d3 e6 8. h4 a6 9. Nh3 h6 10. Ne4 hxg5 11. hxg5 d5 12. Ng3 dxc4 13. d4 Nb6 14. f4 Nd5 15. Nf2 Rxh1+ 16. Bxh1 b6 17. Qe2 Bb7 18. Qxc4 Qd7 19. Bd2 O-O-O 20. O-O-O Kb8 21. Nd3 Ka7 22. Be4 Rh8 23. Rh1 Rxh1+ 24. Bxh1 Nde7 25. Qc2 Nb8 26. Bxb7 Kxb7 27. Ne4 Qc6 28. Qxc6+ Nbxc6 29. Bc3 Nd5 30. Kd2 Kc8 31. Nef2 Kd7 32. e4 Nxc3 33. bxc3 Na5 34. Ng4 Nc6 35. Ne1 Na5 36. Kd3 Nc6 37. Nf3 Ke7 38. Ne3 Kd7 39. a4 Ke7 40. f5 exf5 41. exf5 gxf5 42. Nxf5+ Kf8 43. Ke4 Ne7 44. N3h4 Bh8 45. c4 Ke8 46. Nh6 c6 47. d5 cxd5+ 48. cxd5 Nc8 49. N4f5 b5 50. axb5 axb5 51. d6 Nb6 52. Ne7 Bc3 53. Nhg8 Kd7 54. Nf5 1/2-1/2

[Event "Groningen Festival 2018"]
[Site "Groningen"]
[Date "2018.12.28"]
[Round "7"]
[White "Maris, Ivo"]
[Black "Warmerdam, Max"]
[Result "0-1"]
[ECO "D00"]
[WhiteElo "2351"]
[BlackElo "2433"]
[Annotator "NA"]
[PlyCount "82"]
[EventDate "2018.12.22"]
[EventType "swiss"]
[EventCountry "NED"]
[SourceTitle "playchess.com"]
[Source "ChessBase"]
[SourceQuality "1"]
[TimeControl "40/5400+30:1800+30"]

1. c3 Nf6 2. d4 d5 3. e3 g6 4. Be2 Bg7 5. f4 Ne4 6. Nd2 Nd6 7. Ngf3 Nd7 8. Ne5 Nf6 9. c4 c6 10. cxd5 cxd5 11. Qa4+ Bd7 12. Nxd7 Qxd7 13. Qxd7+ Kxd7 14. Bd3 Rhc8 15. Ke2 e6 16. a4 a5 17. Rb1 Nfe4 18. Bxe4 dxe4 19. b3 b5 20. axb5 Nxb5 21. Bb2 Nd6 22. Rhc1 Rxc1 23. Rxc1 Bf8 24. Ra1 Kc6 25. Rc1+ Kd7 26. Ra1 Kc6 27. Ra4 Kb5 28. Ba3 f5 29. Bxd6 Bxd6 30. Nc4 Bb4 31. Kf2 Ra6 32. Ke2 Rc6 33. Na3+ Bxa3 34. Rxa3 Rc2+ 35. Kf1 Rb2 36. h3 h5 37. g4 fxg4 38. hxg4 hxg4 39. Ke1 g3 40. Kf1 Kb6 41. Kg1 Re2 0-1

[Event "Groningen Festival 2018"]
[Site "Groningen"]
[Date "2018.12.28"]
[Round "7"]
[White "De Boer, Eelke"]
[Black "Schippers, Maurice"]
[Result "1-0"]
[ECO "B38"]
[WhiteElo "2327"]
[BlackElo "2270"]
[Annotator "NA"]
[PlyCount "185"]
[EventDate "2018.12.22"]
[EventType "swiss"]
[EventCountry "NED"]
[SourceTitle "playchess.com"]
[Source "ChessBase"]
[SourceQuality "1"]
[TimeControl "40/5400+30:1800+30"]

1. e4 c5 2. Nf3 Nc6 3. d4 cxd4 4. Nxd4 g6 5. c4 Bg7 6. Be3 Nf6 7. Nc3 d6 8. Be2 O-O 9. O-O Bd7 10. Qd2 Nxd4 11. Bxd4 Bc6 12. f3 a5 13. b3 Nd7 14. Be3 Nc5 15. Rab1 e6 16. Rfd1 Be5 17. Bd4 Qe7 18. Bf1 Rad8 19. g3 Bxd4+ 20. Qxd4 e5 21. Qe3 f5 22. Bg2 fxe4 23. fxe4 Ne6 24. Rd2 Kg7 25. Rbd1 h5 26. a3 h4 27. b4 axb4 28. axb4 hxg3 29. hxg3 Nd4 30. Ne2 Nxe2+ 31. Qxe2 Qg5 32. Rd3 b5 33. Rxd6 Rxd6 34. Rxd6 Qc1+ 35. Kh2 Rh8+ 36. Bh3 Rxh3+ 37. Kxh3 Qh1+ 38. Qh2 Qxe4 39. cxb5 Bxb5 40. Qg2 Qxb4 41. Qd5 Qb2 42. Qf3 Qb1 43. Qf6+ Kh7 44. Qxe5 Qh1+ 45. Kg4 Be2+ 46. Kf4 Qc1+ 47. Qe3 Qc7 48. Qe6 Qc1+ 49. Qe3 Qc7 50. Qd4 Qc1+ 51. Qd2 Qf1+ 52. Ke5 Bb5 53. Qe3 Qc4 54. Kf6 Qf1+ 55. Qf4 Qa1+ 56. Kg5 Be8 57. Qh4+ Kg8 58. Qc4+ Kh7 59. Qc5 Qe1 60. Qc7+ Kg8 61. Qc4+ Kh7 62. Qh4+ Kg8 63. Qf4 Qe7+ 64. Kg4 Qe2+ 65. Kh3 Qh5+ 66. Kg2 Qe2+ 67. Qf2 Qe4+ 68. Kh2 Qe5 69. Rd4 Qc5 70. Qe3 Qb5 71. Qd2 Qh5+ 72. Rh4 Qe5 73. Qa2+ Kg7 74. Qa7+ Bf7 75. Qd4 Qxd4 76. Rxd4 Be6 77. Kg2 Kf6 78. Kf3 Bf5 79. Ra4 Bc2 80. Ra6+ Kg5 81. Ra5+ Kf6 82. Kf4 Bd3 83. Rc5 Bb1 84. Rc6+ Kf7 85. Kg5 Be4 86. Rc7+ Kf8 87. Kf6 Bf5 88. Rg7 Bc2 89. g4 Be4 90. Rxg6 Bxg6 91. Kxg6 Kg8 92. g5 Kh8 93. Kf7 1-0

[Event "Groningen Festival 2018"]
[Site "Groningen"]
[Date "2018.12.28"]
[Round "7"]
[White "Krasenkova, Ilena"]
[Black "Cerveny, Martin"]
[Result "1/2-1/2"]
[ECO "E94"]
[WhiteElo "2144"]
[BlackElo "2347"]
[Annotator "NA"]
[PlyCount "146"]
[EventDate "2018.12.22"]
[EventType "swiss"]
[EventCountry "NED"]
[SourceTitle "playchess.com"]
[Source "ChessBase"]
[SourceQuality "1"]
[TimeControl "40/5400+30:1800+30"]

1. d4 d6 2. Nf3 Nf6 3. c4 Nbd7 4. Nc3 e5 5. e4 c6 6. Be2 g6 7. O-O Bg7 8. d5 cxd5 9. cxd5 O-O 10. Qc2 Ne8 11. Bg5 Ndf6 12. Qd2 Bg4 13. Rfc1 Kh8 14. h3 Bxf3 15. Bxf3 Qd7 16. a4 Ng8 17. Qd3 f5 18. Bd2 Ngf6 19. Rc2 fxe4 20. Nxe4 Nxe4 21. Bxe4 Nf6 22. Be3 a6 23. a5 Rac8 24. Rc3 Nxe4 25. Qxe4 Qb5 26. Rxc8 Rxc8 27. Qg4 Re8 28. Qa4 e4 29. Qxb5 axb5 30. a6 bxa6 31. Rxa6 Bxb2 32. Rb6 Be5 33. Rxb5 Ra8 34. g3 Ra1+ 35. Kg2 Rd1 36. Rb4 Rxd5 37. Rxe4 Kg7 38. Ra4 h5 39. g4 Kf7 40. Ra7+ Ke6 41. gxh5 gxh5 42. Rh7 Bf6 43. Kg3 Rf5 44. Rb7 d5 45. Rb6+ Ke5 46. Rb4 Ke6 47. Rb6+ Kd7 48. Rb7+ Kc6 49. Rb6+ Kc7 50. Rb4 Bc3 51. Ra4 Kc6 52. h4 Kb5 53. Ra8 d4 54. Bf4 Be1 55. Ra2 d3 56. Be3 Kc4 57. Kg2 Kb3 58. Ra1 Bc3 59. Rb1+ Kc2 60. Rc1+ Kb2 61. Rd1 Rd5 62. Kf3 d2 63. Bxd2 Bxd2 64. Ke4 Rd8 65. f4 Kc3 66. Rf1 Kc4 67. Kf5 Rg8 68. Ke6 Rg4 69. f5 Rxh4 70. f6 Bb4 71. f7 Re4+ 72. Kf5 Rd4 73. Rf4 Rxf4+ {[%emt 0:03:07] Ke4 [%clk 0:00:00]} 1/2-1/2

[Event "Groningen Festival 2018"]
[Site "Groningen"]
[Date "2018.12.29"]
[Round "8"]
[White "Tiviakov, Sergei"]
[Black "Vrolijk, Liam"]
[Result "1/2-1/2"]
[ECO "C54"]
[WhiteElo "2613"]
[BlackElo "2440"]
[Annotator "ChessBase"]
[PlyCount "108"]
[EventDate "2018.12.22"]
[EventType "swiss"]
[EventCountry "NED"]
[SourceTitle "playchess.com"]
[Source "ChessBase"]
[SourceQuality "1"]
[TimeControl "40/5400+30:1800+30"]

1. e4 e5 2. Nf3 Nc6 3. Bc4 Bc5 4. c3 Nf6 5. d3 O-O 6. Bg5 h6 7. Bh4 Be7 8. Nbd2 d6 9. a4 Nh5 10. Bg3 Nxg3 11. hxg3 Bf6 12. Bb3 Ne7 13. Qe2 c6 14. Nc4 Be6 15. Bc2 a5 16. O-O Re8 17. Rfd1 Qc7 18. d4 exd4 19. Nxd4 Bxc4 20. Qxc4 d5 21. exd5 Nxd5 22. Qd3 g6 23. Qf3 Bg7 24. Nb5 cxb5 25. Rxd5 b4 26. Rad1 Rad8 27. Bb3 Rxd5 28. Rxd5 bxc3 29. bxc3 b6 30. Rd6 Qxd6 31. Qxf7+ Kh7 32. Qxe8 Qf8 33. Qe6 Qd8 34. Bc2 Qg5 35. Be4 Qf6 36. Qg4 Qg5 37. Qe6 Qf6 38. Qe8 Qd6 39. Kh2 Bxc3 40. Qf7+ Bg7 41. f4 Qf6 42. Qe8 h5 43. Kh3 Kh6 44. g4 hxg4+ 45. Kxg4 Bf8 46. Qd7 Bd6 47. g3 Be7 48. Qc8 Kg7 49. Bd5 Bf8 50. Be6 Qd4 51. Qb7+ Kh6 52. Bb3 Qd3 53. Qh1+ Kg7 54. Qb7+ Kh6 1/2-1/2